[ AOE2 MATCH · #507024478 ]
UnrankedPoles vs Vikings
Player's team · LOSS
Rival team · WIN
[ REPLAY ANALYSIS · EXTRACTED FROM THE RECORDED GAME ]
Feudal
17:04
Castle
21:24
Imperial
—
| APM avg | 38.2 |
| APM peak | 94 |
| eAPM avg | 15.7 |
| Villagers / military | 46 / 33 |
Focus
⚔️ 30.6% · 🌾 69.4%
Scout Cavalry ×25 · Militia ×8
Feudal
9:02
Castle
19:49
Imperial
—
| APM avg | 39.3 |
| APM peak | 74 |
| eAPM avg | 19.7 |
| Villagers / military | 52 / 29 |
Focus
⚔️ 37.1% · 🌾 62.9%
Militia ×24 · Battering Ram ×3 · Archer ×2
Match map
Initial resources + every placement click. Lines = walls · curves = elevation contours. ◆ gold · ⬟ stone · ● berries · ✦ relic · ◌ wall gap
Your base· ✓ Closed at 21:24 · 63t walls · no gate
hclay93's base· Open — opponent sealed themselves in
Smoothed initial terrain · ◌ = detected wall gap · hover for details
Inputs per minute
— JeanLuc Petard - - hclay93
Build order — JeanLuc Petard
First 150 of 154 actions detected
| 0:00 | Queue | Villager (Male) |
| 0:01 | Queue | Villager (Male) |
| 0:01 | Queue | Villager (Male) |
| 0:02 | Build | House |
| 0:03 | Build | House |
| 0:39 | Queue | Villager (Male) |
| 1:33 | Queue | Villager (Male) |
| 1:34 | Queue | Villager (Male) |
| 2:08 | Queue | Villager (Male) |
| 2:08 | Queue | Villager (Male) |
| 2:28 | Queue | Villager (Male) |
| 2:28 | Queue | Villager (Male) |
| 2:45 | Build | House |
| 3:01 | Queue | Villager (Male) |
| 3:01 | Queue | Villager (Male) |
| 3:13 | Queue | Villager (Male) |
| 3:13 | Queue | Villager (Male) |
| 3:30 | Build | Barracks |
| 4:01 | Queue | Villager (Male) |
| 4:32 | Queue | Villager (Male) |
| 4:46 | Queue | Villager (Male) |
| 4:47 | Queue | Villager (Male) |
| 4:54 | Queue | Militia |
| 4:54 | Queue | Militia |
| 5:00 | Queue | Villager (Male) |
| 5:00 | Queue | Villager (Male) |
| 5:27 | Queue | Militia |
| 5:27 | Queue | Militia |
| 5:27 | Queue | Militia |
| 5:32 | Queue | Villager (Male) |
| 5:32 | Queue | Villager (Male) |
| 5:36 | Build | House |
| 6:13 | Queue | Militia |
| 6:13 | Queue | Militia |
| 6:13 | Queue | Militia |
| 6:15 | Queue | Villager (Male) |
| 6:15 | Queue | Villager (Male) |
| 6:30 | Build | Mill |
| 6:49 | Build | House |
| 7:00 | Build | House |
| 7:01 | Build | Palisade Wall |
| 7:04 | Build | Palisade Wall |
| 7:55 | Queue | Villager (Male) |
| 7:55 | Queue | Villager (Male) |
| 8:19 | Build | House |
| 8:23 | Build | Palisade Wall |
| 8:24 | Build | Palisade Wall |
| 8:35 | Queue | Villager (Male) |
| 8:35 | Queue | Villager (Male) |
| 8:36 | Queue | Villager (Male) |
| 9:09 | Build | Palisade Wall |
| 9:18 | Queue | Villager (Male) |
| 9:18 | Queue | Villager (Male) |
| 9:19 | Queue | Villager (Male) |
| 9:29 | Build | Lumber Camp |
| 10:11 | Build | Palisade Wall |
| 10:13 | Build | Palisade Wall |
| 10:14 | Build | Palisade Wall |
| 10:19 | Queue | Villager (Male) |
| 10:19 | Queue | Villager (Male) |
| 10:20 | Queue | Villager (Male) |
| 10:51 | Build | Palisade Wall |
| 11:02 | Queue | Villager (Male) |
| 11:08 | Research | Loom |
| 11:17 | Build | Farm |
| 11:17 | Build | Farm |
| 11:17 | Build | Farm |
| 11:17 | Build | Farm |
| 11:18 | Build | Farm |
| 11:24 | Queue | Villager (Male) |
| 11:56 | Queue | Villager (Male) |
| 12:20 | Build | Farm |
| 12:27 | Queue | Villager (Male) |
| 12:50 | Build | Farm |
| 12:54 | Build | Palisade Wall |
| 12:56 | Queue | Villager (Male) |
| 13:18 | Build | Palisade Wall |
| 13:23 | Queue | Villager (Male) |
| 13:38 | Build | Palisade Wall |
| 13:45 | Queue | Villager (Male) |
| 14:00 | Build | Palisade Wall |
| 14:04 | Build | Mining Camp |
| 14:07 | Build | Palisade Wall |
| 14:17 | Build | Palisade Wall |
| 14:21 | Build | Palisade Wall |
| 14:25 | Build | Palisade Wall |
| 14:41 | Build | Palisade Wall |
| 14:54 | Research | Feudal Age |
| 15:31 | Build | Farm |
| 15:34 | Build | Farm |
| 15:38 | Build | Farm |
| 16:14 | Build | Mining Camp |
| 16:21 | Queue | Villager (Male) |
| 16:22 | Queue | Villager (Male) |
| 16:22 | Queue | Villager (Male) |
| 17:04 | Age | Feudal Age |
| 17:08 | Build | Watch Tower |
| 17:12 | Build | Market |
| 17:36 | Research | Double-Bit Axe |
| 18:07 | Build | Blacksmith |
| 18:08 | Queue | Villager (Male) |
| 18:16 | Build | Farm |
| 18:31 | Build | Watch Tower |
| 18:36 | Research | Castle Age |
| 18:36 | Research | Castle Age |
| 18:49 | Build | Farm |
| 18:52 | Build | Farm |
| 18:56 | Build | Farm |
| 19:01 | Build | Farm |
| 19:04 | Research | Horse Collar |
| 19:41 | Build | Lumber Camp |
| 20:19 | Build | Stable |
| 20:45 | Build | Stable |
| 21:16 | Queue | Scout Cavalry |
| 21:20 | Build | House |
| 21:24 | Build | House |
| 21:24 | Age | Castle Age |
| 21:27 | Research | Bloodlines |
| 21:28 | Research | Light Cavalry (upgrade) |
| 21:32 | Research | Scale Barding Armor |
| 21:38 | Build | Farm |
| 22:02 | Build | Farm |
| 22:08 | Queue | Scout Cavalry |
| 22:08 | Queue | Scout Cavalry |
| 22:08 | Queue | Scout Cavalry |
| 22:22 | Queue | Scout Cavalry |
| 22:27 | Build | Farm |
| 22:30 | Build | Farm |
| 22:34 | Build | Farm |
| 22:47 | Queue | Scout Cavalry |
| 22:47 | Queue | Scout Cavalry |
| 22:48 | Queue | Scout Cavalry |
| 22:54 | Queue | Scout Cavalry |
| 22:55 | Queue | Scout Cavalry |
| 23:09 | Build | Stable |
| 23:21 | Queue | Scout Cavalry |
| 23:21 | Queue | Scout Cavalry |
| 23:21 | Queue | Scout Cavalry |
| 23:42 | Build | House |
| 23:43 | Build | House |
| 23:58 | Research | Chain Barding Armor |
| 24:40 | Queue | Scout Cavalry |
| 24:40 | Queue | Scout Cavalry |
| 24:41 | Queue | Scout Cavalry |
| 24:41 | Queue | Scout Cavalry |
| 25:17 | Queue | Scout Cavalry |
| 25:17 | Queue | Scout Cavalry |
| 25:17 | Queue | Scout Cavalry |
| 25:28 | Build | Stable |
| 25:30 | Queue | Scout Cavalry |
Build order — hclay93
First 150 of 167 actions detected
| 0:00 | Queue | Villager (Male) |
| 0:01 | Queue | Villager (Male) |
| 0:01 | Queue | Villager (Male) |
| 0:02 | Build | House |
| 0:03 | Build | House |
| 0:05 | Queue | Villager (Male) |
| 1:35 | Queue | Villager (Male) |
| 1:57 | Build | Lumber Camp |
| 2:01 | Queue | Villager (Male) |
| 2:29 | Queue | Villager (Male) |
| 2:49 | Queue | Villager (Male) |
| 2:49 | Queue | Villager (Male) |
| 3:04 | Queue | Villager (Male) |
| 3:32 | Build | House |
| 3:55 | Queue | Villager (Male) |
| 3:58 | Queue | Villager (Male) |
| 4:55 | Queue | Villager (Male) |
| 5:06 | Queue | Villager (Male) |
| 5:24 | Build | Barracks |
| 5:45 | Queue | Villager (Male) |
| 6:17 | Queue | Villager (Male) |
| 6:19 | Build | House |
| 6:34 | Build | House |
| 6:35 | Build | House |
| 6:37 | Build | Palisade Wall |
| 6:52 | Research | Feudal Age |
| 7:33 | Build | Palisade Wall |
| 7:53 | Queue | Villager (Male) |
| 8:18 | Queue | Militia |
| 8:19 | Queue | Militia |
| 8:41 | Build | Mill |
| 8:45 | Queue | Militia |
| 8:51 | Research | Loom |
| 9:02 | Age | Feudal Age |
| 9:08 | Research | Double-Bit Axe |
| 9:39 | Queue | Villager (Male) |
| 10:00 | Queue | Villager (Male) |
| 10:06 | Build | Archery Range |
| 10:30 | Build | Mining Camp |
| 10:32 | Queue | Villager (Male) |
| 10:46 | Queue | Villager (Male) |
| 11:05 | Build | House |
| 11:17 | Build | Watch Tower |
| 11:20 | Queue | Villager (Male) |
| 11:22 | Queue | Villager (Male) |
| 11:26 | Build | House |
| 11:28 | Build | Palisade Wall |
| 12:00 | Build | Palisade Wall |
| 12:14 | Build | Farm |
| 12:15 | Queue | Villager (Male) |
| 12:22 | Build | Farm |
| 12:28 | Queue | Villager (Male) |
| 12:44 | Build | Farm |
| 12:46 | Build | Farm |
| 12:48 | Queue | Villager (Male) |
| 13:02 | Queue | Archer |
| 13:09 | Queue | Villager (Male) |
| 13:24 | Build | Farm |
| 13:25 | Queue | Villager (Male) |
| 13:52 | Queue | Villager (Male) |
| 13:58 | Queue | Archer |
| 14:03 | Build | Farm |
| 14:09 | Queue | Villager (Male) |
| 14:12 | Build | Farm |
| 14:42 | Build | Farm |
| 14:43 | Queue | Villager (Male) |
| 14:48 | Build | Farm |
| 14:51 | Build | Farm |
| 15:04 | Queue | Villager (Male) |
| 15:08 | Build | Farm |
| 15:22 | Queue | Villager (Male) |
| 15:29 | Build | Farm |
| 15:37 | Build | Lumber Camp |
| 16:28 | Queue | Villager (Male) |
| 16:32 | Build | Blacksmith |
| 16:36 | Build | Farm |
| 16:47 | Build | Farm |
| 17:08 | Build | Farm |
| 17:09 | Research | Castle Age |
| 17:18 | Build | Farm |
| 17:39 | Research | Scale Mail Armor |
| 17:44 | Research | Man-at-Arms (upgrade) |
| 17:44 | Research | Man-at-Arms (upgrade) |
| 18:03 | Build | Barracks |
| 18:04 | Build | Barracks |
| 18:21 | Research | Horse Collar |
| 18:21 | Research | Horse Collar |
| 18:23 | Research | Gold Mining |
| 18:46 | Queue | Militia |
| 19:12 | Queue | Militia |
| 19:27 | Queue | Villager (Male) |
| 19:29 | Queue | Militia |
| 19:38 | Build | House |
| 19:39 | Queue | Militia |
| 19:39 | Queue | Militia |
| 19:43 | Build | House |
| 19:43 | Build | House |
| 19:49 | Age | Castle Age |
| 19:55 | Build | Siege Workshop |
| 20:00 | Research | Long Swordsman (upgrade) |
| 20:01 | Research | Long Swordsman (upgrade) |
| 20:03 | Research | Forging |
| 20:03 | Research | Forging |
| 20:03 | Queue | Villager (Male) |
| 20:15 | Queue | Militia |
| 20:17 | Queue | Villager (Male) |
| 20:40 | Research | Gambesons |
| 20:47 | Queue | Villager (Male) |
| 20:48 | Build | Farm |
| 20:50 | Build | Mining Camp |
| 20:59 | Build | House |
| 21:00 | Build | Farm |
| 21:02 | Build | Farm |
| 21:03 | Research | Bow Saw |
| 21:05 | Queue | Villager (Male) |
| 21:24 | Queue | Battering Ram |
| 21:27 | Queue | Militia |
| 21:32 | Build | House |
| 21:35 | Queue | Villager (Male) |
| 21:35 | Build | Farm |
| 21:40 | Build | House |
| 21:41 | Build | Palisade Wall |
| 21:42 | Build | Palisade Wall |
| 22:04 | Queue | Battering Ram |
| 22:07 | Research | Squires |
| 22:24 | Queue | Villager (Male) |
| 22:35 | Queue | Battering Ram |
| 22:37 | Queue | Militia |
| 22:38 | Queue | Militia |
| 22:51 | Build | Outpost |
| 22:58 | Build | Farm |
| 22:58 | Queue | Villager (Male) |
| 23:19 | Queue | Militia ×5 |
| 23:19 | Queue | Militia |
| 23:25 | Queue | Villager (Male) |
| 23:29 | Build | House |
| 23:31 | Build | Farm |
| 23:32 | Build | Farm |
| 23:34 | Queue | Villager (Male) |
| 23:39 | Build | House |
| 23:40 | Build | House |
| 23:41 | Build | House |
| 24:03 | Research | Chain Mail Armor |
| 24:06 | Build | House |
| 24:17 | Queue | Militia |
| 24:17 | Queue | Militia |
| 24:27 | Build | House |
| 24:28 | Build | Palisade Wall |
| 24:47 | Build | Palisade Wall |
| 24:52 | Queue | Villager (Male) |
Match timeline
| 3:30 | JeanLuc Petard · first_building Barracks |
| 5:24 | hclay93 · first_building Barracks |
| 6:37 | hclay93 · wall_segment Palisade Wall x1 |
| 7:01 | JeanLuc Petard · wall_segment Palisade Wall x1 |
| 7:04 | JeanLuc Petard · wall_segment Palisade Wall x1 |
| 7:33 | hclay93 · wall_segment Palisade Wall x3 |
| 8:23 | JeanLuc Petard · wall_segment Palisade Wall x3 |
| 8:24 | JeanLuc Petard · wall_segment Palisade Wall x4 |
| 9:02 | hclay93 · age_up feudal |
| 9:09 | JeanLuc Petard · wall_segment Palisade Wall x3 |
| 10:06 | hclay93 · first_building Archery Range |
| 10:11 | JeanLuc Petard · wall_segment Palisade Wall x1 |
| 10:13 | JeanLuc Petard · wall_segment Palisade Wall x1 |
| 10:14 | JeanLuc Petard · wall_segment Palisade Wall x1 |
| 10:51 | JeanLuc Petard · wall_segment Palisade Wall x1 |
| 11:28 | hclay93 · wall_segment Palisade Wall x4 |
| 12:00 | hclay93 · wall_segment Palisade Wall x1 |
| 12:54 | JeanLuc Petard · wall_segment Palisade Wall x3 |
| 13:18 | JeanLuc Petard · wall_segment Palisade Wall x5 |
| 13:38 | JeanLuc Petard · wall_segment Palisade Wall x18 |
| 14:00 | JeanLuc Petard · wall_segment Palisade Wall x1 |
| 14:07 | JeanLuc Petard · wall_segment Palisade Wall x3 |
| 14:17 | JeanLuc Petard · wall_segment Palisade Wall x3 |
| 14:21 | JeanLuc Petard · wall_segment Palisade Wall x1 |
| 14:25 | JeanLuc Petard · wall_segment Palisade Wall x13 |
| 14:41 | JeanLuc Petard · wall_segment Palisade Wall x1 |
| 17:04 | JeanLuc Petard · age_up feudal |
| 19:35 | JeanLuc Petard · first_market_sell 500 stone |
| 19:37 | JeanLuc Petard · first_market_buy 100 wood |
| 19:49 | hclay93 · age_up castle |
| 19:55 | hclay93 · first_building Siege Workshop |
| 20:19 | JeanLuc Petard · first_building Stable |
| 21:24 | JeanLuc Petard · age_up castle |
| 21:41 | hclay93 · wall_segment Palisade Wall x5 |
| 21:42 | hclay93 · wall_segment Palisade Wall x13 |
| 24:28 | hclay93 · wall_segment Palisade Wall x1 |
| 24:47 | hclay93 · wall_segment Palisade Wall x3 |
| 27:04 | JeanLuc Petard · resign |
[ AI ANALYSIS · 1 CREDIT ]
What really happened in this match?
Wolo.gg analyzes every decision: build order, eco, micro, common mistakes by bracket. Personalized analysis on WhatsApp or Discord in 30 seconds.
Civ guide
Poles
Perfil
JeanLuc Petard